 Dungeon Crawl Stone Soup version 0.28.0 (webtiles) character file.

Game seed: 7436127314155512079

51 trckry the Conjurer (level 3, -2/26 HPs)
             Began as a Draconian Conjurer on Feb 6, 2022.
             Killed from afar by Sigmund (7 damage)
             ... with a magic dart
             ... on level 2 of the Dungeon.
             The game lasted 00:06:23 (2293 turns).

trckry the Conjurer (Draconian Conjurer)            Turns: 2293, Time: 00:06:23

Health: -2/26      AC:  5    Str:  9    XL:     3   Next: 58%
Magic:  4/6        EV: 12    Int: 20    God:
Gold:   101        SH:  0    Dex: 15    Spells: 4/7 levels left

rFire   . . .      SeeInvis .   b - staff of conjuration
rCold   . . .      Faith    .   (no shield)
rNeg    . . .      Spirit   .   (armour unavailable)
rPois   .          Reflect  .   (helmet restricted)
rElec   .          Harm     .   (no cloak)
rCorr   .          Rampage  .   (no gloves)
Will    .....                   (no boots)
Stlth   ++........              (no amulet)
HPRegen 0.08/turn               i - ring of wizardry
MPRegen 0.10/turn               g - +6 ring of dexterity

@: no status effects
A: AC +5, unfitting armour, cold-blooded
a: no special abilities


You were on level 2 of the Dungeon.
You visited 1 branch of the dungeon, and saw 2 of its levels.

You collected 101 gold pieces.

Inventory:

Hand Weapons
 a - a +0 long sword
Magical Staves
 b - a staff of conjuration (weapon)
Jewellery
 g - a +6 ring of dexterity (right hand)
 i - a ring of wizardry (left hand)
Scrolls
 d - 5 scrolls of identify {unknown}
 e - a scroll of magic mapping {unknown}
 f - 2 scrolls of torment {unknown}
 k - a scroll of fog {unknown}
 l - a scroll of enchant armour {unknown}
Potions
 c - a potion of haste {unknown}
 h - a potion of mutation {unknown}
 j - 2 potions of lignification {unknown}


   Skills:
 - Level 2.0 Dodging
 - Level 2.0 Stealth
 + Level 2.5 Spellcasting
 * Level 4.8 Conjurations


You had 4 spell levels left.
You knew the following spells:

 Your Spells              Type           Power      Damage    Failure   Level
a - Magic Dart            Conj           100%       1d8       1%          1
b - Searing Ray           Conj           66%        2d6       1%          2

Your spell library contained the following spells:

 Spells                   Type           Power      Damage    Failure   Level
 Dazzling Flash           Conj/Hex       36%        N/A       7%          3
 Gell's Gravitas          Tloc           2%         N/A       17%         3
 Lesser Beckoning         Tloc           2%         N/A       17%         3
 Teleport Other           Tloc           2%         N/A       17%         3
 Fulminant Prism          Conj/Hex       9%         3d7       22%         4
 Iskenderun's Mystic Bla  Conj/Tloc      18%        2d6       22%         4


Dungeon Overview and Level Annotations

Branches:
Dungeon (2/15)

Altars:

Annotations:
D:2 1 runed translucent door, Crazy Yiuf, Sigmund


Innate Abilities, Weirdness & Mutations

Your plain brown scales are hard. (AC +5)
You cannot fit into any form of body armour.
You are cold-blooded and may be slowed by cold attacks.


Message History

Sigmund is heavily wounded.
Casting: Magic Dart (safe; 1% risk of failure)
Confirm with . or Enter, or press ? or * to list all spells.
Aiming: Magic Dart (safe; 1% risk of failure)
Press: ? - help, Shift-Dir - straight line, f/p - Sigmund
Aim: Sigmund, wielding a +0 scythe and wearing a +0 robe (heavily wounded, 100% to hit)
You feel a surge of power!
The magic dart hits Sigmund.
Sigmund is heavily wounded.
Casting: Magic Dart (safe; 1% risk of failure)
Confirm with . or Enter, or press ? or * to list all spells.
Aiming: Magic Dart (safe; 1% risk of failure)
Press: ? - help, Shift-Dir - straight line, f/p - Sigmund
Aim: Sigmund, wielding a +0 scythe and wearing a +0 robe (heavily wounded, 100% to hit)
You feel a surge of power!
The magic dart hits Sigmund.
Sigmund is severely wounded.
Sigmund gestures wildly while chanting.
Sigmund flickers and vanishes!
Deactivating autopickup; reactivate with Ctrl-A.
You are confused.
You bump into the rock wall.
A puff of flame appears from out of thin air!
The puff of flame misses you.
You bump into the rock wall.
You bump into the rock wall.
A puff of flame appears from out of thin air!
The puff of flame hits you!
You're too confused to move!
A magic dart appears from out of thin air!
The magic dart hits you!
You bump into the rock wall.
You feel less confused.
A magic dart appears from out of thin air!
The magic dart hits you.
* * * LOW HITPOINT WARNING * * *
A puff of flame appears from out of thin air!
The puff of flame hits you.
* * * LOW HITPOINT WARNING * * *
A magic dart appears from out of thin air!
The magic dart hits you!
You die...

#........##.##..§≈≈≈§.≈≈
#........##.{..§....§...
#........####..####.####
#...[....# ##..# #.# ##
#####.{### #..# #.###.
#..## #..###..#.. #...#
#...###.#.# ##..##
#.#.......# #.@.#
#.##(.).... #.<.#
#.#.......[
##..#####..........
###.............#.##.
######..............(#....
#.......................##
#.####...............#.##
#.# ##############..#)#
#.# #..#.##


There were no monsters in sight!

Vanquished Creatures
  An adder (D:2)
  3 ball pythons
  5 bats (D:1)
  4 endoplasms
  A giant cockroach (D:2)
  3 goblins
  6 hobgoblins
  2 jackals (D:2)
  3 kobolds
  2 quokkas (D:1)
  A frilled lizard (D:2)
  6 rats
37 creatures vanquished.

Notes
Turn   | Place    | Note
-------+----------+-------------------------------------------
     0 | D:1      | trckry the Draconian Conjurer began the quest for the Orb.
     0 | D:1      | Reached XP level 1. HP: 14/14 MP: 3/3
   270 | D:1      | Reached XP level 2. HP: 20/20 MP: 1/5
   283 | D:1      | Learned a level 2 spell: Searing Ray
  1140 | D:2      | Reached XP level 3. HP: 23/26 MP: 1/6
  1287 | D:2      | Noticed Sigmund
  2026 | D:2      | Found a runed translucent door.
  2027 | D:2      | Noticed Crazy Yiuf
  2293 | D:2      | Killed from afar by Sigmund

Illustrated notes

Levels and vault maps discovered:
D:1:      dpeg_arrival_arbitrary_a, layout_loops_ring, minmay_pentomino_r4
D:2:      layout_rooms, kennysheep_boxes, uniq_crazy_yiuf_cottage, uniq_sigmund

Skill      XL: |  1  2 |
---------------+-------+-----
Stealth        | 2 |  2.0
Dodging        | 2 |  2.0
Spellcasting   | |  2.5
Conjurations   | |  4.8

Action                   || total
-------------------------++-------
Melee: Short sword       ||    43
       Tailslap          ||     6
       Long sword        ||    33
       Punch             ||     1
       Staff             ||     1
 Cast: Magic Dart        ||    29
       Searing Ray       ||     4
 Stab: Sleeping          ||     5
Armor: Skin              ||    23
Dodge: Dodged            ||    61
